 Dungeon Crawl Stone Soup version 0.32-a0-913-g739538afd8 (webtiles) character file.

Game seed: 1091862960555392916

2202 Adrian566 the Blocker (level 9, -1/57 HPs)
             Began as a Gargoyle Fighter on Apr 9, 2024.
             Killed from afar by a lava snake (21 damage)
             ... with a glob of lava
             ... on level 7 of the Dungeon.
             The game lasted 00:05:39 (5388 turns).

Adrian566 the Blocker (Gargoyle Fighter)            Turns: 5388, Time: 00:05:39

Health: -1/57      AC: 29    Str: 23    XL:     9   Next: 34%
Magic:  9/9        EV: 10    Int: 10    God:
Gold:   282        SH: 10    Dex:  9    Spells: 8/8 levels left

rFire   . . .        d - +2 flail (protect)
rCold   . . .        c - +0 buckler
rNeg    + . .        f - +3 scale mail {rPois}
rPois   ∞            h - +2 helmet
rElec   +            (no cloak)
rCorr   .            j - +0 pair of gloves
SInv    .            (no boots)
Will    .....        e - amulet of reflection
Stlth   +            (no ring)
HPRegen 0.29/turn    (no ring)
MPRegen 0.11/turn

%: reflection, clarity
@: under a protective aura
A: sickness immunity, AC +6, negative energy resistance 1, electricity
resistance, torment resistance 1, petrification resistance, clarity
a: no special abilities


You were on level 7 of the Dungeon.
You visited 1 branch of the dungeon, and saw 7 of its levels.

You collected 458 gold pieces.
You spent 176 gold pieces at shops.

Inventory:

Hand Weapons
 a - a +0 flail
 d - a +2 flail of protection (weapon)
 o - a +0 mace of protection
 A - a +0 morningstar
Armour
 c - a +0 buckler (worn)
 f - a +3 scale mail of poison resistance (worn)
 h - a +2 helmet (worn)
 j - a +0 pair of gloves (worn)
Jewellery
 e - an amulet of reflection (around neck)
 u - a ring of protection from fire
Wands
 x - a wand of flame (20)
 y - a wand of digging (4)
Scrolls
 b - a scroll of fear {unknown}
 g - 4 scrolls of identify
 l - 2 scrolls of vulnerability
 m - a scroll of blinking
 q - a scroll of brand weapon
 r - a scroll of butterflies
 t - a scroll of enchant armour
Potions
 i - a potion of mutation
 k - a potion of curing
 n - a potion of brilliance {unknown}
 p - a potion of lignification {unknown}
 s - 2 potions of enlightenment {unknown}
 v - a potion of ambrosia {unknown}
 w - a potion of magic {unknown}
 z - a potion of degeneration {unknown}
 B - a potion of haste {unknown}


   Skills:
 + Level 7.2 Fighting
 + Level 7.3 Maces & Flails
 + Level 7.4 Armour
 + Level 4.4 Dodging
 + Level 5.7 Stealth
 * Level 9.3 Shields


You had 8 spell levels left.
You didn't know any spells.
Your spell library contained the following spells:

 Spells                   Type           Power      Damage    Failure   Level
 Maxwell's Portable Pile  Tloc           0%         2d(5-13)  96%         3
 Stone Arrow              Conj/Erth      0%         3d7       96%         3
 Summon Ice Beast         Ice/Summ       0%         N/A       96%         3
 Animate Armour           Summ/Erth      0%         N/A       100%        4
 Arcjolt                  Conj/Air       0%         1d10      100%        5
 Summon Mana Viper        Hex/Summ       0%         N/A       100%        5
 Monstrous Menagerie      Summ           0%         N/A       100%        7
 Lehudib's Crystal Spear  Conj/Erth      0%         10d2      100%        8
 Maxwell's Capacitive Co  Air            0%         ∞         100%        8


Dungeon Overview and Level Annotations

Branches:
Dungeon (7/15)
 Temple: D:4-7

Altars:
Ashenzari
Cheibriados
Dithmenos
Elyvilon
Fedhas
Gozag
Hepliaklqana
Kikubaaqudgha
Nemelex Xobeh
Qazlal
Sif Muna
Trog
Uskayaw
Zin
The Shining One

Shops:
D:1 !   D:7 (


Innate Abilities, Weirdness & Mutations

You are immune to sickness and miasma.
Your stone body is resilient. (AC +6)
You are immune to poison.
You resist negative energy. (rN+)
You are resistant to electric shocks. (rElec)
You are resistant to unholy torment.
You are immune to petrification.
You possess an exceptional clarity of mind.


Message History

You destroy the wight!
Things that are here:
a +1 vampiric war axe; a +0 robe
Things that are here:
a +1 vampiric war axe; a +0 robe
Things that are here:
a +2 short sword; a +0 robe
Things that are here:
a +0 mace; a +0 robe You start resting.
You start resting.
HP restored.
You start waiting.
Done waiting.
g - 4 scrolls of identify (gained 1)
You open the door.
There is an open door here.
A lava snake comes into view.
A lava snake is nearby!
A lava snake is nearby!
No reachable target in view!
No reachable target in view!
The lava snake hisses angrily.
The lava snake spits lava at you. The glob of lava hits you!
The lava snake spits lava at you. The glob of lava hits you.
The lava snake spits lava at you. The glob of lava hits you!
Found Ocunyvam's Weapon Emporium.
You closely miss the lava snake. You block the lava snake's attack.
You closely miss the lava snake. The lava snake spits lava at you.
The glob of lava hits you! The lava snake closely misses you.
You sock the lava snake!
Your weapon exudes an aura of protection.
The lava snake is almost dead.
The lava snake spits lava at you. The glob of lava hits you!!
You die...

........##########.#
.###.............#.#
##
#.....#######.#.######
# #.....#
#............. #
###'#.# #.####..######
# #.#.# #.....# .#
#.#.# #..#.## .# #.#.#
#..#.####.. ..# #.#.#
#..@.§§.... ..# #.#..
#..S§§§≈≈≈≈ #.###
#..§.§§.... #.#
#..≈.≈≈≈≈≈≈
#..≈.≈.....
#..§.≈.≈≈§≈
#..≈.≈.≈.∩§
#..≈.≈§≈.≈≈


You could see a lava snake (catching breath).

Vanquished Creatures
  A steam dragon (D:6)
  Edmund (D:6)
  A sky beast (D:6)
  An orc warrior (D:6)
  An ice beast (D:3)
  A black bear (D:6)
  A bullfrog (D:7)
  3 scorpions
  4 wights (D:7)
  2 hounds
  An orc priest (D:6)
  A sleepcap (D:5)
  2 jellies (D:5)
  3 iguanas
  2 orc wizards
  8 adders
  2 white imps
  2 ufetubi (D:3)
  2 dart slugs (D:3)
  2 ribbon worms
  10 orcs
  6 bats
  2 endoplasms
  2 giant cockroaches
  7 goblins
  7 hobgoblins
  6 jackals
  3 quokkas
  12 ball pythons
  4 frilled lizards
  3 kobolds
  5 rats
108 creatures vanquished.

Notes
Turn   | Place    | Note
-------+----------+-------------------------------------------
     0 | D:1      | Adrian566 the Gargoyle Fighter began the quest for the Orb.
     0 | D:1      | Reached XP level 1. HP: 14/14 MP: 1/1
   476 | D:1      | Reached XP level 2. HP: 19/19 MP: 2/2
   592 | D:1      | Found Qaroax's Distillery.
   915 | D:2      | Reached XP level 3. HP: 19/23 MP: 3/3
  1113 | D:2      | Reached skill level 4 in Shields
  1406 | D:1      | Bought 2 potions of mutation for 176 gold pieces
  1406 | D:1      | Gained mutation: You possess an exceptional clarity of
                  | mind. [potion of mutation]
  1430 | D:3      | Found a sparkling altar of Nemelex Xobeh.
  1519 | D:3      | Noticed an ice beast
  1523 | D:3      | Reached XP level 4. HP: 26/29 MP: 4/4
  1548 | D:3      | Killed an ice beast
  1549 | D:3      | Reached XP level 5. HP: 16/33 MP: 5/5
  1711 | D:3      | Reached skill level 5 in Shields
  1887 | D:3      | Found a faded altar of an unknown god.
  2205 | D:3      | Found a blossoming altar of Fedhas.
  2415 | D:4      | Reached XP level 6. HP: 36/38 MP: 6/6
  2581 | D:4      | Reached skill level 1 in Dodging
  3050 | D:5      | Entered Level 5 of the Dungeon
  3136 | D:5      | Reached XP level 7. HP: 40/43 MP: 7/7
  3205 | D:5      | Found a stormy altar of Qazlal.
  3237 | D:5      | Reached skill level 6 in Shields
  3611 | D:5      | Found a shadowy altar of Dithmenos.
  4181 | D:6      | Noticed a steam dragon
  4196 | D:6      | Reached skill level 5 in Stealth
  4196 | D:6      | Reached skill level 8 in Shields
  4196 | D:6      | Reached XP level 8. HP: 18/53 MP: 8/8
  4197 | D:6      | Found an ancient bone altar of Kikubaaqudgha.
  4197 | D:6      | Found a snail-covered altar of Cheibriados.
  4298 | D:6      | Found a bloodstained altar of Trog.
  4478 | D:6      | Noticed Edmund
  4506 | D:6      | Killed Edmund
  4507 | D:6      | Reached XP level 9. HP: 39/57 MP: 9/9
  4699 | D:6      | Found an opulent altar of Gozag.
  4699 | D:6      | Found a glowing silver altar of Zin.
  4703 | D:6      | Found a shimmering blue altar of Sif Muna.
  4707 | D:6      | Found a broken altar of Ashenzari.
  4707 | D:6      | Found a hide-covered altar of Uskayaw.
  4708 | D:6      | Found a glowing golden altar of the Shining One.
  4710 | D:6      | Found a hazy altar of Hepliaklqana.
  4820 | D:6      | Reached skill level 9 in Shields
  4829 | D:6      | Found a white marble altar of Elyvilon.
  5385 | D:7      | Found Ocunyvam's Weapon Emporium.
  5388 | D:7      | Killed from afar by a lava snake

Illustrated notes

Levels and vault maps discovered:
D:1:      dpeg_arrival_court, layout_basic, serial_shops, shop,
          nicolae_hexahallways
D:2:      layout_basic
D:3:      layout_loops_ring, nemelex_xobeh_ov_fountains_minmay,
          mainiacjoe_overflow_alcove_4, nicolae_ecumenical_snake_handling
D:4:      layout_basic
D:5:      layout_cave_pods, nicolae_dithmenos_shadow_blocks,
          minmay_ruined_shrine
D:6:      layout_loops_ring, nicolae_elyvilon_temple_path,
          mainiacjoe_overflow_24_doors, minitemple, dreamdust_princess_bridge,
          grunt_ministairs_15, uniq_edmund
D:7:      layout_basic, temple_green, serial_shops, nicolae_inconvenience_store,
          shop, nicolae_shop_pleasant_corner_grove, nicolae_shop_rolling_square,
          nicolae_diamond_shop, minmay_crossroads

Skill      XL: |  1  2  3  4  5  6  7  8  9 |
---------------+----------------------------+-----
Shields        | 4 5 8 9 |  9.3
Maces & Flails | 3 4 7 |  7.3
Armour         | 4 7 |  7.4
Fighting       | 4 7 |  7.2
Dodging        | 1 4 |  4.4
Stealth        | 5 |  5.7

Action                     |  1- 3 |  4- 6 |  7- 9 || total
---------------------------+-------+-------+-------++-------
  Melee: Flail             |   123 |    27 |    86 ||   236
         Mace              |       |   149 |   162 ||   311
    Use: Scroll            |     5 |       |     5 ||    10
         Potion            |     1 |     1 |     2 ||     4
 Armour: Scale mail        |   131 |   149 |   206 ||   486
  Dodge: Dodged            |    56 |    84 |    97 ||   237
  Block: Buckler           |    96 |   145 |   147 ||   388
         Reflection        |       |       |     1 ||     1

Table legend: (Time is in decaauts)
 A = Elapsed time spent in this place.
 B = Non-inter-level travel time spent in this place.
 C = Inter-level travel time spent in this place.
 D = Time resting spent in this place.
 E = Time spent auto-exploring this place.
 F = Levels seen in this place.
 G = Mean time per level.
                   A        B        C        D        E       F      G
               +--------+--------+--------+--------+--------+-----+--------+
         Total |   5503 |   5246 |    257 |    382 |   3736 |   7 |  786.1 |
       Dungeon |   5503 |   5246 |    257 |    382 |   3736 |   7 |  786.1 |
               +--------+--------+--------+--------+--------+-----+--------+

Top non-repeatable levels by time:
     D:5: 1070 daAuts
     D:1: 993 daAuts
     D:6: 922 daAuts
     D:3: 901 daAuts
     D:4: 765 daAuts
     D:2: 468 daAuts
     D:7: 380 daAuts
